 Dungeon Sprint DCSS version 0.30-a0-1160-g6e42c06551 (webtiles) character file.

Game seed: 3285747597722059312

664 123456 the Fighter (level 7, -5/74 HPs)
             Began as a Minotaur Fighter on Apr 26, 2023.
             Was an Initiate of Gozag.
             Slain by a troll (9 damage)
             ... in the Dungeon (Sprint IX: "|||||||||||||||||||||||||||||").
             The game lasted 00:01:19 (305 turns).

123456 the Fighter (Minotaur Fighter)                Turns: 305, Time: 00:01:20

Health: -5/74      AC: 24    Str: 22    XL:     7   Next: 31%
Magic:  6/6        EV: 10    Int:  5    God:    Gozag
Gold:   0          SH:  0    Dex: 10    Spells: 6/6 levels left

rFire   . . .        n - +2 dire flail (protect)
rCold   . . .        (shield currently unavailable)
rNeg    . . .        c - +1 chain mail
rPois   .            (helmet restricted)
rElec   .            (no cloak)
rCorr   .            a - +0 pair of gloves
SInv    .            (no boots)
Will    .....        (no amulet) Stlth
                     o - +2 ring of protection
HPRegen 0.32/turn    p - +2 ring of protection
MPRegen 0.10/turn

%: no teleportation
@: gold aura, under a protective aura
A: horns 2, retaliatory headbutt
a: Renounce Religion, Potion Petition, Call Merchant, Bribe Branch


You were in the Dungeon.
You worshipped Gozag.
Gozag was noncommittal.
You visited 1 branch

Inventory:

Hand Weapons
 n - a +2 dire flail of protection (weapon)
Armour
 a - a +0 pair of gloves (worn)
 c - a +1 chain mail (worn)
Jewellery
 o - a +2 ring of protection (left hand)
 p - a +2 ring of protection (right hand)
Wands
 m - a wand of light (10)
Scrolls
 j - 2 scrolls of blinking
 l - 2 scrolls of amnesia
Potions
 d - a potion of might
 e - 5 potions of curing
 f - 3 potions of heal wounds
 g - a potion of haste
 h - 4 potions of magic
 i - a potion of berserk rage
 k - a potion of invisibility


   Skills:
 * Level 11.5 Fighting
 * Level 11.3 Maces & Flails
 + Level 8.6 Armour
 + Level 6.9 Dodging
 - Level 3.6 Shields


You had 6 spell levels left.
You didn't know any spells.
Your spell library was empty.

Dungeon Overview and Level Annotations

Branches:
Dungeon (1/1)

Altars:
Cheibriados
Dithmenos
Elyvilon
Fedhas
Gozag
Hepliaklqana
Kikubaaqudgha
Makhleb
Nemelex Xobeh
Okawaru
Qazlal
Ru
Sif Muna
Trog
Uskayaw
Vehumet
Wu Jian
Xom
Yredelemnul
Zin
The Shining One
Jiyva
Lugonu


Innate Abilities, Weirdness & Mutations

You have a pair of horns on your head.
You reflexively headbutt those who attack you in melee.


Message History

The vampire mosquito is lightly damaged.
The vampire mosquito barely misses you. You furiously retaliate!
You headbutt the vampire mosquito!
The vampire mosquito closely misses you.
You miss the vampire mosquito.
The vampire mosquito is heavily damaged.
The vampire mosquito bites you but does no damage.
The howler monkey hoots and howls with incredible vigour!
You hear a shout! x3; You hear an angry hiss.
You miss the vampire mosquito.
The vampire mosquito is heavily damaged.
The troll is no longer distracted by gold.
The vampire mosquito closely misses you.
The vampire mosquito bites you but does no damage.
You miss the vampire mosquito.
Your headbutt misses the vampire mosquito.
The vampire mosquito is heavily damaged.
The vampire mosquito barely misses you.
You puncture the vampire mosquito!
You destroy the vampire mosquito!
The troll is distracted by your dazzling golden aura.
Your Maces & Flails skill increases to level 11!
There is an open door to the Dungeon here.
You see here 279 gold pieces.
You completely miss the troll.
The troll is no longer distracted by gold.
The troll shouts!
The howler monkey hoots and howls with incredible vigour!
The troll bites you.
* * * LOW HITPOINT WARNING * * *
The troll closely misses you. The troll claws you but does no damage.
You hear a shout!
Unknown command.
You closely miss the troll. You headbutt the troll.
The troll is lightly wounded.
You puncture the troll!
The troll is moderately wounded.
The troll bites you!
You die...
Your body crumbles into a pile of gold. $$$$$ $ $ $ $$$$$ $$$$$ $ $$ ▓▓▓▓▓▓▓▓▓▓▓▓▓▓▓▓▓▓▓▓▓▓▓▓ +...hTT@[..[..[..'______ ▓▓▓▓▓▓▓▓▓▓▓▓▓▓▓▓▓▓▓▓▓▓▓▓

You could see 2 trolls and a howler monkey (catching breath).

Vanquished Creatures
  A hornet (D)
  A yak (D)
  A vampire mosquito (D)
  An ogre (D)
  A scorpion (D)
  An iguana (D)
  An adder (D)
  An orc (D)
  A goblin (D)
  A jackal (D)
  3 rats (D)
13 creatures vanquished.

Notes
Turn   | Place    | Note
-------+----------+-------------------------------------------
     0 | D        | 123456 the Minotaur Fighter began the quest for the Orb.
     0 | D        | Reached XP level 1. HP: 19/19 MP: 0/0
    12 | D        | Reached skill level 1 in Dodging
    19 | D        | Noticed an ogre
    19 | D        | Noticed a scorpion
    19 | D        | Noticed an iguana
    21 | D        | Killed an iguana
    22 | D        | Reached skill level 5 in Fighting
    22 | D        | Reached XP level 2. HP: 29/29 MP: 1/1
    22 | D        | Reached XP level 3. HP: 36/36 MP: 2/2
    27 | D        | Reached skill level 5 in Maces & Flails
    37 | D        | Killed a scorpion
    38 | D        | Reached skill level 5 in Armour
    38 | D        | Reached XP level 4. HP: 36/47 MP: 3/3
    43 | D        | Killed an ogre
    44 | D        | Reached XP level 5. HP: 11/56 MP: 4/4
   204 | D        | Found a snail-covered altar of Cheibriados.
   204 | D        | Found a shadowy altar of Dithmenos.
   204 | D        | Found a white marble altar of Elyvilon.
   204 | D        | Found a blossoming altar of Fedhas.
   204 | D        | Found an opulent altar of Gozag.
   205 | D        | Found a hazy altar of Hepliaklqana.
   206 | D        | Found a viscous altar of Jiyva.
   207 | D        | Found an ancient bone altar of Kikubaaqudgha.
   208 | D        | Found a corrupted altar of Lugonu.
   209 | D        | Found a burning altar of Makhleb.
   210 | D        | Found a sparkling altar of Nemelex Xobeh.
   211 | D        | Found an iron altar of Okawaru.
   212 | D        | Became a worshipper of Gozag Ym Sagoz the Greedy
   213 | D        | Found a stormy altar of Qazlal.
   214 | D        | Found a sacrificial altar of Ru.
   215 | D        | Found a shimmering blue altar of Sif Muna.
   216 | D        | Found a bloodstained altar of Trog.
   217 | D        | Found a hide-covered altar of Uskayaw.
   218 | D        | Found a radiant altar of Vehumet.
   219 | D        | Found an ornate altar of the Wu Jian Council.
   220 | D        | Found a shimmering altar of Xom.
   221 | D        | Found a basalt altar of Yredelemnul.
   222 | D        | Found a glowing silver altar of Zin.
   223 | D        | Found a glowing golden altar of the Shining One.
   278 | D        | Noticed a troll
   278 | D        | Noticed a troll
   278 | D        | Noticed a vampire mosquito
   278 | D        | Noticed a yak
   278 | D        | Noticed a hornet
   287 | D        | Killed a hornet
   288 | D        | Reached skill level 10 in Fighting
   288 | D        | Reached skill level 10 in Maces & Flails
   288 | D        | Reached XP level 6. HP: 11/67 MP: 5/5
   294 | D        | Killed a yak
   295 | D        | Reached XP level 7. HP: 7/74 MP: 6/6
   301 | D        | Killed a vampire mosquito
   303 | D        | HP: 3/74 [troll (6)]
   305 | D        | Slain by a troll

Illustrated notes

Levels and vault maps discovered:
D:        linesprint [early_d, line_temple, items_1, d_10, items_2, lair_1,
          lair_end, items_3, orc_1, orc_end, items_4, d_15, swamp_1, shoals_1,
          snake_1, spider_1, d_20, vaults_1, items_5, swamp_end, shoals_end,
          snake_end, spider_end, vaults_end, d_27, items_6, zot_1, zot_end,
          crypt_end, forest_end, elf_end, slime_end, tomb_end, abyss_end,
          pan_hell_end]

Skill      XL: |  1  2  3  4  5  6  7 |
---------------+----------------------+-----
Fighting       | 5 7 8 10 11 | 11.5
Maces & Flails | 4 6 8 10 11 | 11.3
Dodging        | 2 3 4 6 |  6.9
Armour         | 4 5 6 7 8 |  8.6
Shields        | |  3.6

Action                     |  1- 3 |  4- 6 |  7- 9 || total
---------------------------+-------+-------+-------++-------
  Melee: Flail             |    27 |     6 |       ||    33
         Headbutt          |     3 |     5 |     1 ||     9
         Dire flail        |       |    16 |    10 ||    26
 Armour: Scale mail        |    11 |       |       ||    11
         Chain mail        |       |    11 |     5 ||    16
  Dodge: Dodged            |     7 |     6 |     6 ||    19
  Block: Buckler           |     7 |     3 |       ||    10

Table legend: (Time is in decaauts)
 A = Elapsed time spent in this place.
 B = Non-inter-level travel time spent in this place.
 C = Inter-level travel time spent in this place.
 D = Time resting spent in this place.
 E = Time spent auto-exploring this place.
 F = Levels seen in this place.
 G = Mean time per level.
                   A        B        C        D        E       F      G
               +--------+--------+--------+--------+--------+-----+--------+
         Total |    310 |    310 |      0 |      0 |    169 |   1 |  310.0 |
       Dungeon |    310 |    310 |      0 |      0 |    169 |   1 |  310.0 |
               +--------+--------+--------+--------+--------+-----+--------+

Top non-repeatable levels by time:
       D: 310 daAuts
